 Dungeon Crawl Stone Soup version 0.29-a0-275-g389c0b56f3 (webtiles) character file.

Game seed: 17051733455902262731

390 HotDog the Covered (level 6, -2/53 HPs)
             Began as a Minotaur Fighter on Mar 10, 2022.
             Slain by a killer bee (6 damage)
             ... on level 4 of the Dungeon.
             The game lasted 00:04:43 (3863 turns).

HotDog the Covered (Minotaur Fighter)               Turns: 3863, Time: 00:04:44

Health: -2/53      AC: 11    Str: 23    XL:     6   Next: 50%
Magic:  6/6        EV: 10    Int:  5    God:
Gold:   178        SH:  4    Dex:  9    Spells: 5/5 levels left

rFire   . . .      SeeInvis .   a - +0 long sword
rCold   . . .      Faith    .   c - +0 buckler
rNeg    . . .      Spirit   .   b - +0 scale mail
rPois   .          Reflect  .   (helmet restricted)
rElec   .          Harm     .   (no cloak)
rCorr   .          Rampage  .   (no gloves)
Will    .....                   (no boots)
Stlth   ..........              (no amulet)
HPRegen 0.17/turn               h - +4 ring of protection
MPRegen 0.10/turn               (no ring)

@: lethally poisoned (-2 -> -9)
A: horns 2, retaliatory headbutt
a: no special abilities


You were on level 4 of the Dungeon.
You visited 1 branch of the dungeon, and saw 4 of its levels.

You collected 178 gold pieces.

Inventory:

Hand Weapons
 a - a +0 long sword (weapon)
Armour
 b - a +0 scale mail (worn)
 c - a +0 buckler (worn)
Jewellery
 h - a +4 ring of protection (left hand)
 m - a +4 ring of protection
Wands
 n - a wand of iceblast (7)
Scrolls
 e - 4 scrolls of identify
 g - a scroll of enchant armour
 i - a scroll of magic mapping
 k - a scroll of blinking
Potions
 d - 2 potions of might
 f - a potion of flight {unknown}
 j - 2 potions of curing
 l - a potion of berserk rage


   Skills:
 * Level 4.5 Fighting
 * Level 5.1 Long Blades
 * Level 5.2 Armour
 * Level 2.1 Dodging
 * Level 4.4 Shields
 * Level 1.9 Invocations


You had 5 spell levels left.
You didn't know any spells.
Your spell library was empty.

Dungeon Overview and Level Annotations

Branches:
Dungeon (4/15)
 Temple: D:4-7

Altars:

Shops:
D:3 [

Portals:
Abyss: D:3

Annotations:
D:3 2 transporters, P0WERM0DE's ghost, weakling DsAK


Innate Abilities, Weirdness & Mutations

You have a pair of horns on your head.
You reflexively headbutt those who attack you in melee.


Message History

The killer bee attacks as you move away!
The killer bee closely misses you. The killer bee stings you.
The killer bee closely misses you.
The killer bee attacks as you move away!
The killer bee stings you! The killer bee barely misses you.
The killer bee stings you but does no damage.
The killer bee stings you but does no damage.
The killer bee stings you.
You are poisoned.
The killer bee poisons you!
You feel sick. The killer bee completely misses you. The killer bee stings you.
You are more poisoned.
The killer bee poisons you!
You feel very sick. The killer bee closely misses you.
The killer bee attacks as you move away!
The killer bee stings you.
You feel very sick.
The killer bee stings you but does no damage.
The killer bee stings you. The killer bee stings you!
* * * LOW HITPOINT WARNING * * *
The killer bee attacks as you move away!
You block the killer bee's attack.
* * * LOW HITPOINT WARNING * * *
You feel sick. You block the killer bee's attack.
You feel better.
The killer bee stings you but does no damage.
The killer bee misses you. The killer bee stings you.
* * * LOW HITPOINT WARNING * * *
The killer bee stings you but does no damage.
The killer bee stings you.
* * * LOW HITPOINT WARNING * * *
You are lethally poisoned!
The killer bee poisons you!
The killer bee stings you but does no damage.
The killer bee attacks as you move away!
The killer bee stings you but does no damage.
* * * LOW HITPOINT WARNING * * *
You feel sick. The killer bee stings you.
You die...

########
#....#.##...#
.......#
#....#.##...#
######.#
#.......#...####
#.#
#.......#......#
#.#
#.......#......#
####.####
#.......#......##
#.......#
#.......#........
#.......#
#...yy...........
#.......#
#...@y...........
#.......#
###.###..........
#.......# #.#
#.#..#####
####.#### #.#
#.#..# #.# #.#
#.#.># #.# #.#
#.#..# #.# #.#
#.#..#
#.########.#
#.#..#
#........[.#
#.#..#


You could see 3 killer bees.

Vanquished Creatures
  A phantom (D:4)
  A killer bee (D:4)
  A hound (D:3)
  2 orc priests
  2 orc wizards (D:4)
  5 adders
  A worm (D:2)
  2 dart slugs
  7 orcs
  6 ball pythons
  9 endoplasms
  3 giant cockroaches
  5 hobgoblins
  8 jackals
  11 kobolds
  5 quokkas
  7 bats
  2 frilled lizards (D:1)
  4 goblins (D:1)
  7 rats
89 creatures vanquished.

Notes
Turn   | Place    | Note
-------+----------+-------------------------------------------
     0 | D:1      | HotDog the Minotaur Fighter began the quest for the Orb.
     0 | D:1      | Reached XP level 1. HP: 19/19 MP: 0/0
   139 | D:1      | Reached XP level 2. HP: 25/27 MP: 1/1
   587 | D:1      | Reached XP level 3. HP: 33/33 MP: 2/2
   818 | D:1      | Found a faded altar of an unknown god.
  1342 | D:2      | Reached skill level 1 in Invocations
  1472 | D:2      | Reached XP level 4. HP: 40/40 MP: 3/3
  1501 | D:2      | Reached skill level 1 in Dodging
  2283 | D:3      | Found a transporter.
  2304 | D:3      | Found a one-way gate to the infinite horrors of the Abyss.
  2304 | D:3      | Noticed P0WERM0DE's ghost (weakling DsAK)
  2388 | D:3      | Found a transporter.
  2424 | D:3      | Reached XP level 5. HP: 46/46 MP: 4/4
  2996 | D:3      | Found Peed's Armour Shoppe.
  3622 | D:4      | Noticed a phantom
  3638 | D:4      | Killed a phantom
  3639 | D:4      | Reached skill level 5 in Armour
  3639 | D:4      | Reached XP level 6. HP: 46/53 MP: 6/6
  3691 | D:4      | Reached skill level 5 in Long Blades
  3863 | D:4      | Slain by a killer bee

Illustrated notes

Levels and vault maps discovered:
D:1:      minmay_arrival_cross, layout_basic, shapermc_ecumenical_altar_ellora
D:2:      layout_loops_ring
D:3:      layout_loops_ring, serial_shops, shop, gammafunk_ghost_abyssal_escape,
          grunt_ministairs_3
D:4:      layout_basic

Skill      XL: |  1  2  3  4  5  6 |
---------------+-------------------+-----
Fighting       | 4 |  4.5
Armour         | 4 5 |  5.2
Long Blades    | 3 4 5 |  5.1
Shields        | 4 |  4.4
Invocations    | 1 |  1.9
Dodging        | 1 2 |  2.1

Action                   |  1- 3 |  4- 6 || total
-------------------------+-------+-------++-------
Melee: Long sword        |   129 |   171 ||   300
       Headbutt          |    19 |    16 ||    35
  Use: Scroll            |       |     6 ||     6
       Potion            |       |     4 ||     4
Armor: Scale mail        |    75 |   132 ||   207
Dodge: Dodged            |    66 |    89 ||   155
Block: Buckler           |    27 |    44 ||    71

Table legend: (Time is in decaauts)
 A = Elapsed time spent in this place.
 B = Non-inter-level travel time spent in this place.
 C = Inter-level travel time spent in this place.
 D = Time resting spent in this place.
 E = Time spent auto-exploring this place.
 F = Levels seen in this place.
 G = Mean time per level.
                   A        B        C        D        E       F      G
               +--------+--------+--------+--------+--------+-----+--------+
         Total |   3948 |   3731 |    217 |    360 |   2634 |   4 |  987.0 |
       Dungeon |   3948 |   3731 |    217 |    360 |   2634 |   4 |  987.0 |
               +--------+--------+--------+--------+--------+-----+--------+

Top non-repeatable levels by time:
     D:3: 1210 daAuts
     D:1: 1107 daAuts
     D:2: 882 daAuts
     D:4: 747 daAuts
